AoeStats
← Koti

Golden Pit

509685659Analyzed
1v1 RM · 5d ago on Sep 27, 2026· 29m 27s· 2 players
Game mode
Random Map
Map size
Tiny (2 player)
Population
200
Speed
Normal
Resources
Standard
Victory
Conquest
Starting age
Dark Age
Ending age
Imperial Age
RankedLock teamsTeams togetherTeam positionsShared explorationLock speedFull tech treeHidden civsTurbo modeCheats
Victory
Defeat
🇫🇷 Varangians · France
1658
+13
🇪🇸 Mongols · Spain
1600
-13
No aprendemos 2026
3:14 Loom
8:48 Loom
11:36 Feudal Age
16:37 Wheelbarrow
16:12 Double-Bit Axe
18:06 Bloodlines
20:14 Town Watch
25:27 Castle Age
24:03 Horse Collar
25:50 Forging
26:02 Scale Barding Armor
25:42 Light Cavalry
27:24 Husbandry
29:52 Forging
Koti
6:23 Loom
8:54 Feudal Age
9:57 Double-Bit Axe
15:45 Fletching
17:08 Forging
19:11 Padded Archer Armor
22:18 Castle Age
21:37 Bloodlines
21:58 Horse Collar
23:20 Scale Barding Armor
23:56 Husbandry
25:11 Bodkin Arrow
29:31 Bow Saw
Connection lost

Rejoining the realm…

Still unreachable

The connection could not be restored.

Session expired

The server has moved on; the page needs a fresh start.